 Dungeon Crawl Stone Soup version 0.21.1-1-g345015f (webtiles) character file.

389 tidbits the Charmwright (level 6, 2/51 HPs)
             Began as a Gnoll Skald on June 22, 2018.
             Quit the game on level 7 of the Dungeon.
             The game lasted 00:04:02 (295 turns).

tidbits the Charmwright (Gnoll Skald)                Turns: 295, Time: 00:04:03

Health: 2/51       AC:  4    Str: 13      XL:     6   Next: 79%
Magic:  2/14       EV: 14    Int: 17 (18) God:
Gold:   23         SH:  0    Dex: 13 (14) Spells: 3/15 levels left

rFire    . . .     SeeInvis .   a - +0 war axe
rCold    . . .     Gourm    .   (no shield)
rNeg     . . .     Faith    .   B - +2 robe
rPois    +         Spirit   .   (no helmet)
rElec    .         Reflect  .   (no cloak)
rCorr    .         Harm     .   (no gloves)
MR       .....                  (no boots)
Stlth    ++........             (no amulet)
HPRegen  0.17/turn              g - ring of poison resistance
MPRegen  0.14/turn              (no ring)

@: no status effects
A: distributed training, fangs 1, strong nose
a: no special abilities


You were on level 7 of the Dungeon.
You were not hungry.

You visited 1 branch of the dungeon, and saw 7 of its levels.

You collected 23 gold pieces.

Inventory:

Hand Weapons
 a - a +0 war axe (weapon)
 f - a +0 dagger
 l - a +0 hand axe
Armour
 b - a +1 leather armour
 B - a +2 robe (worn)
Jewellery
 g - a ring of poison resistance (left hand)
   (You found it on level 1 of the Dungeon)
Scrolls
 e - a scroll of magic mapping {unknown}
 h - 3 scrolls of enchant armour
 j - a scroll of identify {unknown}
 k - 3 scrolls of amnesia
Potions
 i - a potion of cancellation
Books
 c - a book of Battle

   Spells                             Type                      Level
   a - Infusion                       Charms                       1
   b - Shroud of Golubria             Charms/Translocation         2
   c - Song of Slaying                Charms                       2
   d - Spectral Weapon                Hexes/Charms                 3
   e - Regeneration                   Charms/Necromancy            3
 n - a book of Cantrips
   (You found it on level 5 of the Dungeon)

   Spells                             Type                      Level
   a - Confusing Touch                Hexes                        1
   b - Animate Skeleton               Necromancy                   1
   c - Summon Small Mammal            Summoning                    1
   d - Apportation                    Translocation                1
Comestibles
 d - a ration


   Skills:
 + Level 5.0 Fighting
 + Level 2.1 Short Blades
 + Level 2.1 Long Blades
 + Level 5.0 Axes
 + Level 2.1 Maces & Flails
 + Level 2.1 Polearms
 + Level 2.1 Staves
 + Level 2.1 Slings
 + Level 2.1 Bows
 + Level 2.1 Crossbows
 + Level 2.1 Throwing
 + Level 3.3 Armour
 + Level 5.0 Dodging
 + Level 2.1 Stealth
 + Level 2.1 Shields
 + Level 2.1 Unarmed Combat
 + Level 5.4 Spellcasting
 + Level 1.6 Conjurations
 + Level 1.6 Hexes
 + Level 5.7 Charms
 + Level 1.6 Summonings
 + Level 1.6 Necromancy
 + Level 1.6 Translocations
 + Level 1.6 Transmutations
 + Level 1.6 Fire Magic
 + Level 1.6 Ice Magic
 + Level 1.6 Air Magic
 + Level 1.6 Earth Magic
 + Level 1.6 Poison Magic
 + Level 2.3 Invocations
 + Level 2.1 Evocations


You had 3 spell levels left.
You knew the following spells:

 Your Spells              Type           Power        Failure   Level  Hunger
g - Shroud of Golubria    Chrm/Tloc      ###.......   4%          2    #......
n - Animate Skeleton      Necr           N/A          7%          1    None
r - Regeneration          Chrm/Necr      ###.......   9%          3    ##.....
w - Spectral Weapon       Hex/Chrm       ###.....     9%          3    ##.....
y - Song of Slaying       Chrm           ###.....     1%          2    #......
A - Apportation           Tloc           ##....       7%          1    None


Dungeon Overview and Level Annotations

Branches:
Dungeon (7/15)
 Temple: D:4-7

Altars:
Gozag


Innate Abilities, Weirdness & Mutations

Your experience applies equally to all skills.
You have very sharp teeth.
Your uncanny sense of smell can sniff out nearby items.


Message History

You see here 2 silvery potions.
i - 2 silvery potions
Found 12 gold pieces.
You found a teleport trap!
Found a stone staircase leading down.
You see here 12 gold pieces.
You now have 23 gold pieces (gained 12).
Casting: Regeneration
Confirm with . or Enter, or press ? or * to list all spells.
Your skin crawls.
Unknown command.
There is a stone staircase leading down here.
Your skin is crawling a little less now.
You climb downwards.
You hear the sound of rushing water.
There is an entrance to a sewer on this level.
Hurry and find it before the portal rusts away!
Found a stone staircase leading down.
There is a stone staircase leading up here.
There is a stone staircase leading down here.
You climb downwards.
You hear the hiss of flowing sand.
There is an entrance to an ossuary on this level.
Hurry and find it before the portal is buried! 2 orcs come into view.
The orc shouts! x2; You hear a shout! x5
There is a stone staircase leading up here.
An orc wizard and an ogre come into view.
Your skin stops crawling.
The orc wizard moves out of view.
Found a ration.
Casting: Regeneration
Confirm with . or Enter, or press ? or * to list all spells.
You start singing a song of slaying.
The orc hits you but does no damage.
You slice the orc!!
You kill the orc!
You slash the orc!
You kill the orc!
An orc and a crimson imp come into view.
The orc wizard mumbles some strange words.
The orc wizard seems to speed up.
The orc moves out of view.
You closely miss the crimson imp.
The orc wizard casts a spell.
The orc wizard blinks!
The crimson imp hits you but does no damage.
An orc comes into view. It is wielding a short sword.
You slice the crimson imp!!
You kill the crimson imp!
You feel your intelligence returning. The ogre closely misses you.
You slice the ogre!!
The ogre is severely wounded.
You barely miss the orc. The orc hits you with a short sword.
* * * LOW HITPOINT WARNING * * *
The ogre closely misses you.
You slash the ogre!
You kill the ogre!
You feel your strength returning.
Your Fighting skill increases to level 5!
Your Short Blades skill increases to level 2!
Your Long Blades skill increases to level 2!
Your Axes skill increases to level 5!
Your Maces & Flails skill increases to level 2!
Your Polearms skill increases to level 2!
Your Staves skill increases to level 2!
Your Slings skill increases to level 2!
Your Bows skill increases to level 2!
Your Crossbows skill increases to level 2!
Your Throwing skill increases to level 2!
Your Dodging skill increases to level 5!
Your Stealth skill increases to level 2!
Your Shields skill increases to level 2!
Your Unarmed Combat skill increases to level 2!
Your Evocations skill increases to level 2!
You completely miss the orc. The orc hits you with a short sword.
* * * LOW HITPOINT WARNING * * *
The orc throws a tomahawk.
The tomahawk misses you.
You slash the orc!
You kill the orc!
The orc wizard points at you and mumbles some strange words.
The magic dart hits you!
* * * LOW HITPOINT WARNING * * *
The orc throws a tomahawk.
The tomahawk closely misses you.
An ogre and a skeleton come into view.
You slash the orc wizard!
The orc wizard is severely wounded.
The orc wizard gestures at you while chanting.
The magic dart hits you!
* * * LOW HITPOINT WARNING * * *
The orc wizard hits you but does no damage.
The orc hits you with a short sword.
* * * LOW HITPOINT WARNING * * *
A water moccasin skeleton comes into view.
It was a potion of cancellation.
Your magical effects are unravelling.
You feel magically purged.
You feel a little less mighty now.
Your song has ended.
The orc wizard hits you with a dagger.
* * * LOW HITPOINT WARNING * * *
The orc wizard barely misses you. The orc hits you with a short sword.
* * * LOW HITPOINT WARNING * * *
Unknown command.
Are you sure you want to abandon this character and quit the game? (Confirm with "yes".)

### ....
###########..###
.......<.oO....#
########@oZ###.
.......##Z#
...%... #
.#.##.. .. ...
##.. ..# #.


You could see an ogre, an orc wizard, an orc, a water moccasin skeleton and a
bullfrog skeleton.

Vanquished Creatures
  2 ogres
  Blork the orc (D:5)
  A bullfrog (D:5)
  A crimson imp (D:7)
  A worker ant (D:5)
  9 orcs
  A ball python (D:3)
  2 bats
  A goblin (D:1)
  A kobold (D:2)
20 creatures vanquished.

Vanquished Creatures (others)
  A spectral weapon (D:5)
1 creature vanquished.

Grand Total: 21 creatures vanquished

Notes
Turn   | Place    | Note
-------+----------+-------------------------------------------
     0 | D:1      | tidbits the Gnoll Skald began the quest for the Orb.
     0 | D:1      | Reached XP level 1. HP: 20/20 MP: 6/6
    95 | D:2      | Found an opulent altar of Gozag.
   133 | D:3      | Reached XP level 2. HP: 26/26 MP: 5/7
   137 | D:3      | Learned a level 2 spell: Song of Slaying
   140 | D:3      | Learned a level 2 spell: Shroud of Golubria
   166 | D:4      | Noticed an ogre
   181 | D:4      | Killed an ogre
   181 | D:4      | Reached skill level 1 in Short Blades
   181 | D:4      | Reached skill level 1 in Long Blades
   181 | D:4      | Reached skill level 1 in Maces & Flails
   181 | D:4      | Reached skill level 1 in Polearms
   181 | D:4      | Reached skill level 1 in Staves
   181 | D:4      | Reached skill level 1 in Slings
   181 | D:4      | Reached skill level 1 in Bows
   181 | D:4      | Reached skill level 1 in Crossbows
   181 | D:4      | Reached skill level 1 in Throwing
   181 | D:4      | Reached skill level 1 in Stealth
   181 | D:4      | Reached skill level 1 in Shields
   181 | D:4      | Reached skill level 1 in Unarmed Combat
   181 | D:4      | Reached skill level 5 in Spellcasting
   181 | D:4      | Reached skill level 1 in Conjurations
   181 | D:4      | Reached skill level 1 in Hexes
   181 | D:4      | Reached skill level 1 in Summonings
   181 | D:4      | Reached skill level 1 in Necromancy
   181 | D:4      | Reached skill level 1 in Translocations
   181 | D:4      | Reached skill level 1 in Transmutations
   181 | D:4      | Reached skill level 1 in Fire Magic
   181 | D:4      | Reached skill level 1 in Ice Magic
   181 | D:4      | Reached skill level 1 in Air Magic
   181 | D:4      | Reached skill level 1 in Earth Magic
   181 | D:4      | Reached skill level 1 in Poison Magic
   181 | D:4      | Reached skill level 1 in Invocations
   181 | D:4      | Reached skill level 1 in Evocations
   181 | D:4      | Reached XP level 3. HP: 31/31 MP: 5/9
   181 | D:4      | Reached XP level 4. HP: 38/38 MP: 6/11
   186 | D:4      | Learned a level 3 spell: Regeneration
   190 | D:4      | Learned a level 3 spell: Spectral Weapon
   208 | D:5      | Entered Level 5 of the Dungeon
   211 | D:5      | Noticed a bullfrog
   217 | D:5      | Killed a bullfrog
   217 | D:5      | Reached skill level 3 in Armour
   217 | D:5      | Reached XP level 5. HP: 43/43 MP: 6/12
   226 | D:5      | Learned a level 1 spell: Apportation
   228 | D:5      | Learned a level 1 spell: Animate Skeleton
   236 | D:5      | Noticed Blork the orc
   249 | D:5      | HP: 4/43 [Blork the orc/war axe (3)]
   250 | D:5      | Killed Blork the orc
   250 | D:5      | Reached skill level 2 in Invocations
   250 | D:5      | Reached XP level 6. HP: 5/50 MP: 3/13
   291 | D:7      | Reached skill level 5 in Fighting
   291 | D:7      | Reached skill level 2 in Short Blades
   291 | D:7      | Reached skill level 2 in Long Blades
   291 | D:7      | Reached skill level 5 in Axes
   291 | D:7      | Reached skill level 2 in Maces & Flails
   291 | D:7      | Reached skill level 2 in Polearms
   291 | D:7      | Reached skill level 2 in Staves
   291 | D:7      | Reached skill level 2 in Slings
   291 | D:7      | Reached skill level 2 in Bows
   291 | D:7      | Reached skill level 2 in Crossbows
   291 | D:7      | Reached skill level 2 in Throwing
   291 | D:7      | Reached skill level 5 in Dodging
   291 | D:7      | Reached skill level 2 in Stealth
   291 | D:7      | Reached skill level 2 in Shields
   291 | D:7      | Reached skill level 2 in Unarmed Combat
   291 | D:7      | Reached skill level 2 in Evocations
   293 | D:7      | HP: 5/51 [orc/short sword (2)]
   294 | D:7      | HP: 2/51 [orc/short sword (2)]
   295 | D:7      | Quit the game

Skill      XL: |  1  2  3  4  5  6 |
---------------+-------------------+-----
Short Blades   | 1 2 |  2.1
Long Blades    | 1 2 |  2.1
Maces & Flails | 1 2 |  2.1
Polearms       | 1 2 |  2.1
Staves         | 1 2 |  2.1
Slings         | 1 2 |  2.1
Bows           | 1 2 |  2.1
Crossbows      | 1 2 |  2.1
Throwing       | 1 2 |  2.1
Stealth        | 1 2 |  2.1
Shields        | 1 2 |  2.1
Unarmed Combat | 1 2 |  2.1
Spellcasting   | 5 |  5.4
Conjurations   | 1 |  1.6
Hexes          | 1 |  1.6
Summonings     | 1 |  1.6
Necromancy     | 1 |  1.6
Translocations | 1 |  1.6
Transmutations | 1 |  1.6
Fire Magic     | 1 |  1.6
Ice Magic      | 1 |  1.6
Air Magic      | 1 |  1.6
Earth Magic    | 1 |  1.6
Poison Magic   | 1 |  1.6
Invocations    | 1 2 |  2.3
Evocations     | 1 2 |  2.1
Armour         | 3 |  3.3
Fighting       | 5 |  5.0
Axes           | 5 |  5.0
Dodging        | 5 |  5.0
Charms         | |  5.7

Action                   |  1- 3 |  4- 6 || total
-------------------------+-------+-------++-------
Melee: Hand axe          |    19 |       ||    19
       War axe           |     6 |    19 ||    25
       Bite              |     1 |     1 ||     2
 Cast: Infusion          |     3 |       ||     3
       Song of Slaying   |     2 |     2 ||     4
       Spectral Weapon   |       |     2 ||     2
       Shroud of Golubri |       |     1 ||     1
       Regeneration      |       |     2 ||     2
  Use: Potion            |     1 |     3 ||     4
       Scroll            |       |     2 ||     2
Armor: Leather armour    |     4 |       ||     4
       Robe              |       |     2 ||     2
Dodge: Dodged            |    30 |    17 ||    47

Table legend:
 A = Turns spent in this place as a percentage of turns spent in the entire game.
 B = Non-inter-level travel turns spent in this place as a percentage of non-inter-level travel turns spent in the entire game.
 C = Inter-level travel turns spent in this place as a percentage of turns spent in this place.
 D = Turns resting spent in this place as a percentage of non-inter-level travel turns spent in this place.
 E = Turns spent auto-exploring this place as a percentage of non-inter-level travel turns spent in this place.
 F = Non-inter-level travel turns spent in this place divided by the number of levels of this place that you've seen.
                   A       B       C       D       E      F
               +-------+-------+-------+-------+-------+----------------------
         Total | 100.0 | 100.0 |   0.0 |   0.0 |   0.0 |  42.1
       Dungeon | 100.0 | 100.0 |   0.0 |   0.0 |   0.0 |  42.1
               +-------+-------+-------+-------+-------+----------------------

Table legend:
 A = Kills in this place as a percentage of kills in entire the game.
 B = Kills by you in this place as a percentage of kills by you in the entire game.
 C = Kills by friends in this place as a percentage of kills by friends in the entire game.
 D = Other kills in this place as a percentage of other kills in the entire game.
 E = Experience gained in this place as a percentage of experience gained in the entire game.
 F = Experience gained in this place divided by the number of levels of this place that you have seen.
                   A       B       C       D       E      F
               +-------+-------+-------+-------+-------+----------------------
         Total | 100.0 | 100.0 |   N/A |   N/A | 100.0 |  79.6
       Dungeon | 100.0 | 100.0 |   N/A |   N/A | 100.0 |  79.6
               +-------+-------+-------+-------+-------+----------------------

Vault maps used:
D:1:      minmay_arrival_glassed_features
D:2:      cheibrodos_pilgrimage, lemuel_crystal_altar, grunt_ministairs_5
D:3:      old_standard_altar
D:4:      minmay_temple_entry_statues_pillars
D:5:      first_ration, minmay_misc_feat_tiny, uniq_blork_the_orc
D:6:      lemuel_coloured_pillars_altar, portal_sewer_entry_a, basic_altar,
          lemuel_flame_loot_1
D:7:      cheibrodos_fzero, overflow_temple_1_default,
          lightli_ossuary_entry_decrepit_ruins, uniq_crazy_yiuf_cottage
